 Dungeon Crawl Stone Soup version 0.30.2 (webtiles) character file.

Game seed: 10013460106348816911

32 porpoise the Caller (level 3, 0/24 HPs)
             Began as a Human Summoner on Feb 17, 2024.
             Succumbed to an adder's poison
             ... on level 2 of the Dungeon.
             The game lasted 00:05:56 (1290 turns).

porpoise the Caller (Human Summoner)                Turns: 1290, Time: 00:05:57

Health: 0/24       AC:  3    Str:  8    XL:     3   Next: 45%
Magic:  6/6        EV: 12    Int: 17    God:
Gold:   38         SH:  0    Dex: 13    Spells: 1/7 levels left

rFire   . . .        a - +0 dagger
rCold   . . .        (no shield)
rNeg    . . .        e - +0 robe
rPois   .            f - +0 helmet
rElec   .            (no cloak)
rCorr   .            (no gloves)
SInv    .            (no boots)
Will    .....        (no amulet)
Stlth   ++           (no ring)
HPRegen 0.24/turn    (no ring)
MPRegen 0.10/turn

%: no passive effects
@: lethally poisoned (0 -> -2)
A: no striking features
a: no special abilities


You were on level 2 of the Dungeon.
You visited 1 branch of the dungeon, and saw 2 of its levels.

You collected 38 gold pieces.

Inventory:

Hand Weapons
 a - a +0 dagger (weapon)
Armour
 e - a +0 robe (worn)
 f - a +0 helmet (worn)
Scrolls
 d - a scroll of blinking {unknown}
 g - a scroll of immolation {unknown}
Potions
 b - a potion of magic
 h - a potion of cancellation


   Skills:
 - Level 2.0 Dodging
 + Level 2.4 Stealth
 * Level 2.6 Spellcasting
 * Level 4.4 Summonings


You had one spell level left.
You knew the following spells:

 Your Spells              Type           Power      Damage    Failure   Level
a - Summon Small Mammal   Summ           68%        N/A       3%          1
b - Call Imp              Summ           34%        N/A       4%          2
c - Call Canine Familiar  Summ           17%        N/A       9%          3

Your spell library contained the following spells:

 Spells                   Type           Power      Damage    Failure   Level
 Summon Guardian Golem    Hex/Summ       9%         N/A       22%         3
 Poisonous Vapours        Pois/Air       4%         N/A       28%         2
 Mephitic Cloud           Conj/Pois/Air  2%         N/A       50%         3
 Summon Lightning Spire   Summ/Air       9%         N/A       58%         4
 Freezing Cloud           Conj/Ice/Air   1%         6-21      99%         5


Dungeon Overview and Level Annotations

Branches:
Dungeon (2/15)

Altars:
Gozag


Message History

Your rat barely misses the adder.
It was a potion of curing.
You feel better. The adder bites you.
You are poisoned.
The adder poisons you!
Your rat barely misses the adder.
The adder barely misses you.
You closely miss the adder.
The adder is almost dead.
You feel sick. The adder closely misses you.
Your rat completely misses the adder.
You barely miss the adder.
The adder is almost dead.
You feel sick. The adder closely misses you.
Your rat misses the adder. You miss the adder.
The adder is almost dead.
You feel sick. The adder closely misses you.
Your rat closely misses the adder.
You miss the adder.
The adder is almost dead.
You feel sick. The adder bites you.
* * * LOW HITPOINT WARNING * * *
You are lethally poisoned!
The adder poisons you! The adder bites you but does no damage.
Your rat barely misses the adder.
You miss the adder.
The adder is almost dead.
* * * LOW HITPOINT WARNING * * *
You feel sick. The adder barely misses you.
Your rat closely misses the adder.
You barely miss the adder.
The adder is almost dead.
* * * LOW HITPOINT WARNING * * *
You feel sick. The adder barely misses you.
Your rat bites the adder.
The adder dies!
There is nothing to cancel.
There is a lethal amount of poison in your body!
There is a lethal amount of poison in your body!
There is a lethal amount of poison in your body!
* * * LOW HITPOINT WARNING * * *
You feel sick.
* * * LOW HITPOINT WARNING * * *
You feel sick.
You die...

#######.#.....#
#.#.##### #.#.#
#.#.############
#.#............#
#.############.# #.#
#.# ##########r# #.#
##### #.........@#
#.# ....#
#.########## #.#
....###.##.......#
#.#
..............>..###
#.#
........##.#.......#
#.#
........##.#.......#
#.#
####....##.#.#.._..#
#.#
#....##.#.#.....#
#.#
#....##.#.#.....#
#.#


You could see a friendly rat (summoned).

Vanquished Creatures
  An endoplasm (D:1)
  A hobgoblin (D:2)
  A jackal (D:1)
  A kobold (D:1)
  2 ball pythons (D:1)
  2 bats (D:1)
  3 rats
11 creatures vanquished.

Vanquished Creatures (collateral kills)
  An adder (D:2)
  2 ball pythons (D:1)
  An endoplasm (D:1)
  2 jackals (D:1)
  A bat (D:1)
  A frilled lizard (D:1)
  3 kobolds
  4 rats (D:1)
15 creatures vanquished.

Grand Total: 26 creatures vanquished

Notes
Turn   | Place    | Note
-------+----------+-------------------------------------------
     0 | D:1      | porpoise the Human Summoner began the quest for the Orb.
     0 | D:1      | Reached XP level 1. HP: 13/13 MP: 3/3
   236 | D:1      | Reached XP level 2. HP: 19/19 MP: 1/5
   478 | D:1      | Learned a level 2 spell: Call Imp
   628 | D:1      | Reached XP level 3. HP: 21/24 MP: 4/6
   645 | D:1      | Learned a level 3 spell: Call Canine Familiar
  1107 | D:2      | Found an opulent altar of Gozag.
  1289 | D:2      | HP: 1/24 [poisoned by an adder]
  1290 | D:2      | Succumbed to an adder's poison

Illustrated notes

Levels and vault maps discovered:
D:1:      psy_arrival_conway, layout_loops_ring, nicolae_figureground_pulse
D:2:      cheibrodos_greedy_goblins, layout_basic, basic_altar, uniq_sigmund,
          uniq_terence

Action                     || total
---------------------------++-------
  Melee: Dagger            ||    78
   Cast: Summon Small Mamm ||    28
    Use: Potion            ||     2
   Stab: Sleeping          ||     2
         Distracted        ||     1
 Armour: Robe              ||    15
  Dodge: Dodged            ||    64
